Connexion

NASHVILLE Predators vs BOSTON Bruins

Created - 18 novembre 2023 at 06:02

Goals
1 2 3 T
NASHVILLE Predators 4 2 1 7
BOSTON Bruins 3 1 1 5
Shots
1 2 3 T
NASHVILLE Predators 6 9 11 26
BOSTON Bruins 12 8 10 30

GoalsPenalties
1st period
1. BOSTON Bruins , Mikael Granlund 21 (Rasmus Andersson 19, Adam Boqvist 24) at 3:14
2. BOSTON Bruins , Dmitri Orlov 8 (Mikael Granlund 29) at 3:55
3. BOSTON Bruins , Ryan Carpenter 9 (Matt Dumba 33, Dmitri Orlov 23) at 11:07
4. NASHVILLE Predators , Vladislav Namestnikov 13 (Kevin Labanc 13, Andrew Copp 13) at 14:54
5. NASHVILLE Predators , Ryan Donato 5 (Erik Gustafsson 9, Chris Tanev 9) at 15:16
6. NASHVILLE Predators , Vladislav Namestnikov 14 (Andrew Copp 14) at 15:26
7. NASHVILLE Predators , Bryan Rust 12 (Filip Forsberg 20, Cam Fowler 29) at 17:56 (PP)
Chris Tanev (NAS) for Tripping (Minor) at 7:23
Jonathan Marchessault (BOS) for Fighting (Major) at 17:23
Niko Mikkola (NAS) for Fighting (Major) at 17:23
Matt Dumba (BOS) for Slashing (Minor) at 17:34
2nd period
8. BOSTON Bruins , Matt Dumba 7 (Chris Kreider 7) at 5:37 (PP)
9. NASHVILLE Predators , Brett Connolly 3 (Niko Mikkola 1, Alexander Nylander 3) at 7:41
10. NASHVILLE Predators , Vladislav Namestnikov 15 (Kevin Labanc 14, Erik Gustafsson 10) at 13:14
Niko Mikkola (NAS) for Holding Stick (Minor) at 4:14
Zachary Senyshyn (BOS) for Hooking (Minor) at 8:10
Bryan Rust (NAS) for Holding (Minor) at 9:08
Niko Mikkola (NAS) for Slashing (Minor) at 18:35
3rd period
11. BOSTON Bruins , Jonathan Marchessault 22 (Max Lajoie 4, Mikael Granlund 30) at 6:52
12. NASHVILLE Predators , Ryan Donato 6 (Josh Morrissey 12) at 12:39
Alexander Nylander (NAS) for Tripping (Minor) at 15:47
Goalie Stats
Cal Petersen (NAS), 25 saves from 30 shots - (0,833), W, 3-8-0, 60:00 minutes
Frederik Andersen (BOS), 7 saves from 13 shots - (0,538), L, 15-12-5, 33:14 minutes
Jacob Markstrom (BOS), 12 saves from 13 shots - (0,923), 26:46 minutes
3 StarsOfficial
1 - Vladislav Namestnikov (NAS)
2 - Ryan Donato (NAS)
3 - Mikael Granlund (BOS)
Referees : Rob Martell and Jean Hebert
Linesman : Vaughan Rody and Shane Heyer
Game Note
Jonathan Marchessault and Niko Mikkola fight to a draw at 17:23 of 1st period
Vladislav Namestnikov has scored a Hat Trick!
Jacob Markstrom enters game at 13:14 of 2nd period
Finance
Level 1 -- Attendance: 6000 (100,00%) -- Ticket Income 810 000 $
Level 2 -- Attendance: 3725 (81,60%) -- Ticket Income 409 750 $
Level 3 -- Attendance: 2000 (100,00%) -- Ticket Income 110 000 $
Level 4 -- Attendance: 3893 (97,33%) -- Ticket Income 136 255 $
Luxury Box -- Attendance: 945 (94,50%) -- Ticket Income 217 350 $
Game was played at the TD Garden.
Total Attendance: 16563 (94,30%)
Total Ticket Income: 1 683 355 $
Other Income: 336 671 $
Total Income: 2 020 026 $



Team Name Goals Shots Shots Attemp Shots Blocked PIM HIT PP PK FO%
NASHVILLE Predators 72662515131 / 2 (50%)157%
BOSTON Bruins 53060149161 / 5 (20%)143%

NASHVILLE Predators
Player Name POS G A P +/- PIM HIT SHT SB MP PP MP PP SHT PK MP PK SHT FO% FOT
Alexander NylanderRW0112201012:080:0001:3000% 0
Andrew CoppC/LW0223001021:240:5505:180100% 6
Brett ConnollyLW/RW1012002015:340:0004:550100% 1
Bryan RustLW/RW1010233117:390:2410:000100% 1
Cam FowlerD011-1001027:250:2504:4900% 0
Chris TanevD0110210114:120:0000:4300% 0
Colin WhiteC/RW000-300007:170:0000:000100% 2
Erik BrannstromD0003000021:520:5504:2500% 0
Erik GustafssonD0220000117:100:2504:0900% 0
Filip ForsbergLW0110023018:370:2500:000100% 1
Henrik BorgstromC000-300106:200:0000:00033% 6
Josh MorrisseyD011-1040221:140:0000:0000% 0
Kevin LabancLW/RW0223012016:020:5500:0000% 1
Leon DraisaitlC/LW/RW0000002018:160:2500:36048% 23
Nick CousinsC/LW/RW000-300206:200:0000:000100% 1
Niko MikkolaD0113900018:030:5502:3000% 0
Ryan DonatoC/LW2022014013:270:0002:44173% 15
Vladislav NamestnikovC/LW/RW3033014017:350:5501:33140% 20
BOSTON Bruins
Player Name POS G A P +/- PIM HIT SHT SB MP PP MP PP SHT PK MP PK SHT FO% FOT
Adam BoqvistD011-1001020:413:2800:3000% 0
Alex IafalloC/LW0000001112:040:0000:0000% 1
Andre BurakovskyC/LW/RW000-3012017:393:1111:03038% 21
Brandon TanevLW/RW000100207:270:0700:0000% 0
Chris KreiderLW/RW011-3011019:053:2900:00050% 2
Dmitri OrlovD1120022525:484:4300:5000% 0
Elias PetterssonC0000010022:324:4200:17050% 30
Henri JokiharjuD000-1031013:310:0700:0000% 0
Jonathan MarchessaultRW1010515019:244:4210:0000% 2
Kaapo KakkoRW000-3000016:153:2900:0000% 0
Matt DumbaD1120216325:254:4320:2800% 0
Max LajoieD011-1000113:310:0700:0000% 0
Mikael GranlundC/LW1230063023:154:2201:0300% 0
Rasmus AnderssonD011-1000321:033:2800:5200% 0
Ryan Carpenter C/RW101100208:220:4500:17083% 6
Thomas NovakC0000002012:040:0000:00033% 12
Walker DuehrRW000100007:270:0700:0000% 1
Zachary SenyshynRW0000202112:030:0000:0000% 2



Play-by-Play

1st period


0:01 of 1st period - Leon Draisaitl wins face-off versus Elias Pettersson in neutral zone.
0:40 of 1st period - Shot by Mikael Granlund.
0:40 of 1st period - Shot Blocked by Bryan Rust.
0:42 of 1st period - Shot by Matt Dumba.
0:42 of 1st period - Stopped by Cal Petersen with a rebound.
0:50 of 1st period - Filip Forsberg is hit by Mikael Granlund and loses puck.
1:13 of 1st period - Shot by Adam Boqvist.
1:13 of 1st period - Shot Misses the Net.
1:21 of 1st period - Rasmus Andersson is hit by Bryan Rust and loses puck.
2:52 of 1st period - Icing by Dmitri Orlov.
2:53 of 1st period - Ryan Donato wins face-off versus Ryan Carpenter in BOSTON Bruins zone.
3:06 of 1st period - Shot by Brandon Tanev.
3:06 of 1st period - Stopped by Cal Petersen without a rebound.
3:07 of 1st period - Elias Pettersson wins face-off versus Henrik Borgstrom in NASHVILLE Predators zone.
3:14 of 1st period - Shot by Mikael Granlund.
3:14 of 1st period - Goal by Mikael Granlund - NASHVILLE Predators : 0 - BOSTON Bruins : 1.
3:15 of 1st period - Elias Pettersson wins face-off versus Ryan Donato in neutral zone.
3:55 of 1st period - Shot by Dmitri Orlov.
3:55 of 1st period - Goal by Dmitri Orlov - NASHVILLE Predators : 0 - BOSTON Bruins : 2.
3:56 of 1st period - Andre Burakovsky wins face-off versus Vladislav Namestnikov in neutral zone.
5:21 of 1st period - Shot by Brandon Tanev.
5:21 of 1st period - Stopped by Cal Petersen without a rebound.
5:22 of 1st period - Colin White wins face-off versus Elias Pettersson in NASHVILLE Predators zone.
6:09 of 1st period - Off-side.
6:10 of 1st period - Ryan Donato wins face-off versus Thomas Novak in neutral zone.
6:35 of 1st period - Shot by Brett Connolly.
6:35 of 1st period - Shot Misses the Net.
7:09 of 1st period - Henri Jokiharju is hit by Ryan Donato and loses puck.
7:23 of 1st period - Minor Penalty to Chris Tanev for Tripping.
7:24 of 1st period - Elias Pettersson wins face-off versus Vladislav Namestnikov in NASHVILLE Predators zone.
7:50 of 1st period - Shot by Vladislav Namestnikov.
7:50 of 1st period - Stopped by Frederik Andersen without a rebound.
7:51 of 1st period - Andrew Copp wins face-off versus Andre Burakovsky in BOSTON Bruins zone.
8:15 of 1st period - Shot by Adam Boqvist.
8:15 of 1st period - Shot Misses the Net.
8:23 of 1st period - Shot by Kaapo Kakko.
8:23 of 1st period - Shot Misses the Net.
8:25 of 1st period - Shot by Andre Burakovsky.
8:25 of 1st period - Stopped by Cal Petersen without a rebound.
8:26 of 1st period - Elias Pettersson wins face-off versus Ryan Donato in NASHVILLE Predators zone.
9:00 of 1st period - Cam Fowler is hit by Mikael Granlund and loses puck.
9:38 of 1st period - Off-side.
9:39 of 1st period - Henrik Borgstrom wins face-off versus Andre Burakovsky in neutral zone.
10:47 of 1st period - Shot by Walker Duehr.
10:47 of 1st period - Shot Blocked by Josh Morrissey.
10:49 of 1st period - Shot by Ryan Carpenter .
10:49 of 1st period - Shot Misses the Net.
10:51 of 1st period - Shot by Matt Dumba.
10:51 of 1st period - Shot Misses the Net.
10:53 of 1st period - Shot by Ryan Carpenter .
10:53 of 1st period - Shot Misses the Net.
10:55 of 1st period - Shot by Ryan Carpenter .
10:55 of 1st period - Shot Blocked by Josh Morrissey.
11:07 of 1st period - Shot by Ryan Carpenter .
11:07 of 1st period - Goal by Ryan Carpenter - NASHVILLE Predators : 0 - BOSTON Bruins : 3.
11:08 of 1st period - Leon Draisaitl wins face-off versus Elias Pettersson in neutral zone.
11:41 of 1st period - Shot by Jonathan Marchessault.
11:41 of 1st period - Stopped by Cal Petersen with a rebound.
11:43 of 1st period - Shot by Jonathan Marchessault.
11:43 of 1st period - Stopped by Cal Petersen without a rebound.
11:44 of 1st period - Andre Burakovsky wins face-off versus Vladislav Namestnikov in NASHVILLE Predators zone.
12:29 of 1st period - Vladislav Namestnikov is hit by Matt Dumba.
13:28 of 1st period - Mikael Granlund is hit by Josh Morrissey and loses puck.
13:45 of 1st period - Shot by Filip Forsberg.
13:45 of 1st period - Shot Blocked by Max Lajoie.
13:53 of 1st period - Shot by Zachary Senyshyn.
13:53 of 1st period - Stopped by Cal Petersen with a rebound.
13:55 of 1st period - Shot by Zachary Senyshyn.
13:55 of 1st period - Shot Misses the Net.
14:10 of 1st period - Icing by Cam Fowler.
14:11 of 1st period - Ryan Carpenter wins face-off versus Leon Draisaitl in NASHVILLE Predators zone.
14:21 of 1st period - Josh Morrissey is hit by Dmitri Orlov and loses puck.
14:42 of 1st period - Shot by Ryan Carpenter .
14:42 of 1st period - Stopped by Cal Petersen without a rebound.
14:43 of 1st period - Elias Pettersson wins face-off versus Kevin Labanc in NASHVILLE Predators zone.
14:52 of 1st period - Shot by Kevin Labanc.
14:52 of 1st period - Deflect By Vladislav Namestnikov.
14:52 of 1st period - Shot Misses the Net.
14:54 of 1st period - Shot by Vladislav Namestnikov.
14:54 of 1st period - Goal by Vladislav Namestnikov - NASHVILLE Predators : 1 - BOSTON Bruins : 3.
14:55 of 1st period - Ryan Donato wins face-off versus Andre Burakovsky in neutral zone.
15:16 of 1st period - Shot by Ryan Donato.
15:16 of 1st period - Goal by Ryan Donato - NASHVILLE Predators : 2 - BOSTON Bruins : 3.
15:17 of 1st period - Elias Pettersson wins face-off versus Vladislav Namestnikov in neutral zone.
15:26 of 1st period - Shot by Vladislav Namestnikov.
15:26 of 1st period - Goal by Vladislav Namestnikov - NASHVILLE Predators : 3 - BOSTON Bruins : 3.
15:27 of 1st period - Vladislav Namestnikov wins face-off versus Elias Pettersson in neutral zone.
16:07 of 1st period - Shot by Andrew Copp.
16:07 of 1st period - Stopped by Frederik Andersen with a rebound.
16:12 of 1st period - Off-side.
16:13 of 1st period - Andre Burakovsky wins face-off versus Leon Draisaitl in neutral zone.
17:02 of 1st period - Off-side.
17:03 of 1st period - Ryan Donato wins face-off versus Thomas Novak in neutral zone.
17:16 of 1st period - Shot by Thomas Novak.
17:16 of 1st period - Shot Hit the Post.
17:22 of 1st period - Shot by Alex Iafallo.
17:22 of 1st period - Deflect By Thomas Novak.
17:22 of 1st period - Stopped by Cal Petersen without a rebound.
17:23 of 1st period - Elias Pettersson wins face-off versus Vladislav Namestnikov in NASHVILLE Predators zone.
17:23 of 1st period - Jonathan Marchessault and Niko Mikkola fight to a draw.
17:23 of 1st period - Penalty to Jonathan Marchessault for Fighting.
17:23 of 1st period - Penalty to Niko Mikkola for Fighting.
17:24 of 1st period - Chris Kreider wins face-off versus Vladislav Namestnikov in NASHVILLE Predators zone.
17:34 of 1st period - Minor Penalty to Matt Dumba for Slashing.
17:35 of 1st period - Leon Draisaitl wins face-off versus Andre Burakovsky in BOSTON Bruins zone.
17:50 of 1st period - Shot by Bryan Rust.
17:50 of 1st period - Shot Misses the Net.
17:52 of 1st period - Shot by Cam Fowler.
17:52 of 1st period - Shot Blocked by Dmitri Orlov.
17:54 of 1st period - Shot by Filip Forsberg.
17:54 of 1st period - Shot Blocked by Dmitri Orlov.
17:56 of 1st period - Shot by Bryan Rust.
17:56 of 1st period - Goal by Bryan Rust - NASHVILLE Predators : 4 - BOSTON Bruins : 3.
17:57 of 1st period - Vladislav Namestnikov wins face-off versus Thomas Novak in neutral zone.
18:31 of 1st period - Kevin Labanc is hit by Henri Jokiharju and loses puck.
18:36 of 1st period - Shot by Vladislav Namestnikov.
18:36 of 1st period - Shot Misses the Net.
18:38 of 1st period - Shot by Kevin Labanc.
18:38 of 1st period - Shot Misses the Net.
18:57 of 1st period - Icing by Bryan Rust.
18:58 of 1st period - Leon Draisaitl wins face-off versus Elias Pettersson in NASHVILLE Predators zone.
Goals for this period are 4 for NASHVILLE Predators vs 3 for BOSTON Bruins.
Shots for this period are 6 for NASHVILLE Predators vs 12 for BOSTON Bruins.

2nd period


0:01 of 2nd period - Elias Pettersson wins face-off versus Leon Draisaitl in neutral zone.
1:33 of 2nd period - Icing by Chris Tanev.
1:34 of 2nd period - Vladislav Namestnikov wins face-off versus Walker Duehr in NASHVILLE Predators zone.
2:54 of 2nd period - Shot by Filip Forsberg.
2:54 of 2nd period - Stopped by Frederik Andersen without a rebound.
2:55 of 2nd period - Leon Draisaitl wins face-off versus Andre Burakovsky in BOSTON Bruins zone.
3:04 of 2nd period - Shot by Bryan Rust.
3:04 of 2nd period - Stopped by Frederik Andersen without a rebound.
3:05 of 2nd period - Vladislav Namestnikov wins face-off versus Jonathan Marchessault in BOSTON Bruins zone.
3:16 of 2nd period - Shot by Kevin Labanc.
3:16 of 2nd period - Stopped by Frederik Andersen without a rebound.
3:17 of 2nd period - Andre Burakovsky wins face-off versus Leon Draisaitl in BOSTON Bruins zone.
3:17 of 2nd period - Andre Burakovsky is hit by Filip Forsberg.
3:31 of 2nd period - Shot by Chris Kreider.
3:31 of 2nd period - Stopped by Cal Petersen with a rebound.
3:33 of 2nd period - Shot by Andre Burakovsky.
3:33 of 2nd period - Shot Misses the Net.
4:14 of 2nd period - Minor Penalty to Niko Mikkola for Holding Stick.
4:15 of 2nd period - Brett Connolly wins face-off versus Elias Pettersson in NASHVILLE Predators zone.
5:22 of 2nd period - Shot by Ryan Donato.
5:22 of 2nd period - Stopped by Frederik Andersen with a rebound.
5:27 of 2nd period - Icing by Andre Burakovsky.
5:28 of 2nd period - Ryan Donato wins face-off versus Chris Kreider in BOSTON Bruins zone.
5:37 of 2nd period - Shot by Matt Dumba.
5:37 of 2nd period - Goal by Matt Dumba - NASHVILLE Predators : 4 - BOSTON Bruins : 4.
5:38 of 2nd period - Bryan Rust wins face-off versus Zachary Senyshyn in neutral zone.
6:02 of 2nd period - Filip Forsberg is hit by Henri Jokiharju.
6:13 of 2nd period - Filip Forsberg is hit by Henri Jokiharju and loses puck.
6:16 of 2nd period - Shot by Bryan Rust.
6:16 of 2nd period - Stopped by Frederik Andersen without a rebound.
6:17 of 2nd period - Vladislav Namestnikov wins face-off versus Elias Pettersson in BOSTON Bruins zone.
6:59 of 2nd period - Shot by Jonathan Marchessault.
6:59 of 2nd period - Shot Misses the Net.
7:01 of 2nd period - Shot by Matt Dumba.
7:01 of 2nd period - Shot Misses the Net.
7:35 of 2nd period - Shot by Alexander Nylander.
7:35 of 2nd period - Shot Misses the Net.
7:37 of 2nd period - Shot by Niko Mikkola.
7:37 of 2nd period - Shot Misses the Net.
7:39 of 2nd period - Shot by Brett Connolly.
7:39 of 2nd period - Shot Misses the Net.
7:41 of 2nd period - Shot by Brett Connolly.
7:41 of 2nd period - Goal by Brett Connolly - NASHVILLE Predators : 5 - BOSTON Bruins : 4.
7:42 of 2nd period - Filip Forsberg wins face-off versus Thomas Novak in neutral zone.
8:08 of 2nd period - Henri Jokiharju is hit by Chris Tanev and loses puck.
8:10 of 2nd period - Minor Penalty to Zachary Senyshyn for Hooking.
8:11 of 2nd period - Andre Burakovsky wins face-off versus Vladislav Namestnikov in BOSTON Bruins zone.
8:20 of 2nd period - Shot by Erik Brannstrom.
8:20 of 2nd period - Shot Misses the Net.
8:24 of 2nd period - Shot by Andrew Copp.
8:24 of 2nd period - Shot Misses the Net.
8:26 of 2nd period - Shot by Andrew Copp.
8:26 of 2nd period - Shot Misses the Net.
8:52 of 2nd period - Matt Dumba is hit by Vladislav Namestnikov and loses puck.
9:08 of 2nd period - Minor Penalty to Bryan Rust for Holding.
9:09 of 2nd period - Colin White wins face-off versus Andre Burakovsky in NASHVILLE Predators zone.
9:34 of 2nd period - Shot by Andre Burakovsky.
9:34 of 2nd period - Shot Misses the Net.
9:42 of 2nd period - Colin White is hit by Mikael Granlund and loses puck.
10:56 of 2nd period - Icing by Elias Pettersson.
10:57 of 2nd period - Andrew Copp wins face-off versus Elias Pettersson in BOSTON Bruins zone.
11:08 of 2nd period - Shot by Elias Pettersson.
11:08 of 2nd period - Shot Misses the Net.
11:38 of 2nd period - Shot by Zachary Senyshyn.
11:38 of 2nd period - Shot Misses the Net.
12:53 of 2nd period - Henrik Borgstrom is hit by Mikael Granlund and loses puck.
13:06 of 2nd period - Shot by Kevin Labanc.
13:06 of 2nd period - Shot Misses the Net.
13:08 of 2nd period - Shot by Vladislav Namestnikov.
13:08 of 2nd period - Shot Misses the Net.
13:14 of 2nd period - Shot by Vladislav Namestnikov.
13:14 of 2nd period - Goal by Vladislav Namestnikov - NASHVILLE Predators : 6 - BOSTON Bruins : 4.
13:14 of 2nd period - Jacob Markstrom enters game.
13:15 of 2nd period - Ryan Donato wins face-off versus Andre Burakovsky in neutral zone.
13:52 of 2nd period - Shot by Kaapo Kakko.
13:52 of 2nd period - Shot Misses the Net.
14:36 of 2nd period - Shot by Jonathan Marchessault.
14:36 of 2nd period - Shot Blocked by Chris Tanev.
14:38 of 2nd period - Shot by Dmitri Orlov.
14:38 of 2nd period - Shot Misses the Net.
14:40 of 2nd period - Shot by Matt Dumba.
14:40 of 2nd period - Stopped by Cal Petersen with a rebound.
14:42 of 2nd period - Shot by Matt Dumba.
14:42 of 2nd period - Stopped by Cal Petersen with a rebound.
14:44 of 2nd period - Shot by Jonathan Marchessault.
14:44 of 2nd period - Stopped by Cal Petersen without a rebound.
14:45 of 2nd period - Thomas Novak wins face-off versus Vladislav Namestnikov in NASHVILLE Predators zone.
15:30 of 2nd period - Shot by Cam Fowler.
15:30 of 2nd period - Shot Misses the Net.
15:39 of 2nd period - Off-side.
15:40 of 2nd period - Elias Pettersson wins face-off versus Leon Draisaitl in neutral zone.
16:13 of 2nd period - Shot by Mikael Granlund.
16:13 of 2nd period - Stopped by Cal Petersen without a rebound.
16:14 of 2nd period - Nick Cousins wins face-off versus Andre Burakovsky in NASHVILLE Predators zone.
17:20 of 2nd period - Shot by Vladislav Namestnikov.
17:20 of 2nd period - Shot Blocked by Dmitri Orlov.
17:22 of 2nd period - Shot by Vladislav Namestnikov.
17:22 of 2nd period - Shot Blocked by Matt Dumba.
17:24 of 2nd period - Shot by Erik Gustafsson.
17:24 of 2nd period - Shot Blocked by Dmitri Orlov.
17:36 of 2nd period - Shot by Kevin Labanc.
17:36 of 2nd period - Deflect By Vladislav Namestnikov.
17:36 of 2nd period - Shot Blocked by Matt Dumba.
17:38 of 2nd period - Shot by Kevin Labanc.
17:38 of 2nd period - Stopped by Jacob Markstrom without a rebound.
17:39 of 2nd period - Leon Draisaitl wins face-off versus Thomas Novak in BOSTON Bruins zone.
17:42 of 2nd period - Shot by Bryan Rust.
17:42 of 2nd period - Shot Blocked by Rasmus Andersson.
17:44 of 2nd period - Shot by Filip Forsberg.
17:44 of 2nd period - Stopped by Jacob Markstrom without a rebound.
17:45 of 2nd period - Leon Draisaitl wins face-off versus Thomas Novak in BOSTON Bruins zone.
17:51 of 2nd period - Icing by Rasmus Andersson.
17:52 of 2nd period - Leon Draisaitl wins face-off versus Thomas Novak in BOSTON Bruins zone.
18:02 of 2nd period - Icing by Adam Boqvist.
18:03 of 2nd period - Thomas Novak wins face-off versus Vladislav Namestnikov in BOSTON Bruins zone.
18:03 of 2nd period - Thomas Novak is hit by Kevin Labanc.
18:34 of 2nd period - Shot by Alex Iafallo.
18:34 of 2nd period - Stopped by Cal Petersen without a rebound.
18:35 of 2nd period - Elias Pettersson wins face-off versus Leon Draisaitl in NASHVILLE Predators zone.
18:35 of 2nd period - Minor Penalty to Niko Mikkola for Slashing.
18:36 of 2nd period - Andrew Copp wins face-off versus Elias Pettersson in NASHVILLE Predators zone.
18:40 of 2nd period - Erik Brannstrom is hit by Mikael Granlund and loses puck.
19:15 of 2nd period - Shot by Mikael Granlund.
19:15 of 2nd period - Shot Blocked by Erik Gustafsson.
19:17 of 2nd period - Shot by Jonathan Marchessault.
19:17 of 2nd period - Stopped by Cal Petersen without a rebound.
19:18 of 2nd period - Andre Burakovsky wins face-off versus Ryan Donato in NASHVILLE Predators zone.
Goals for this period are 2 for NASHVILLE Predators vs 1 for BOSTON Bruins.
Shots for this period are 9 for NASHVILLE Predators vs 8 for BOSTON Bruins.
0:00 of 3rd period - Icing by Rasmus Andersson.

3rd period


0:01 of 3rd period - Andrew Copp wins face-off versus Elias Pettersson in neutral zone.
0:14 of 3rd period - Shot by Matt Dumba.
0:14 of 3rd period - Stopped by Cal Petersen without a rebound.
0:15 of 3rd period - Andrew Copp wins face-off versus Andre Burakovsky in NASHVILLE Predators zone.
0:28 of 3rd period - Shot by Chris Kreider.
0:28 of 3rd period - Shot Misses the Net.
0:30 of 3rd period - Shot by Rasmus Andersson.
0:30 of 3rd period - Shot Misses the Net.
0:32 of 3rd period - Shot by Rasmus Andersson.
0:32 of 3rd period - Shot Misses the Net.
0:46 of 3rd period - Shot by Mikael Granlund.
0:46 of 3rd period - Stopped by Cal Petersen without a rebound.
0:47 of 3rd period - Ryan Carpenter wins face-off versus Henrik Borgstrom in NASHVILLE Predators zone.
1:14 of 3rd period - Shot by Colin White.
1:14 of 3rd period - Shot Blocked by Matt Dumba.
1:16 of 3rd period - Shot by Cam Fowler.
1:16 of 3rd period - Shot Blocked by Dmitri Orlov.
1:18 of 3rd period - Shot by Nick Cousins.
1:18 of 3rd period - Stopped by Jacob Markstrom without a rebound.
1:19 of 3rd period - Elias Pettersson wins face-off versus Leon Draisaitl in BOSTON Bruins zone.
1:19 of 3rd period - Elias Pettersson is hit by Bryan Rust.
1:27 of 3rd period - Shot by Adam Boqvist.
1:27 of 3rd period - Stopped by Cal Petersen with a rebound.
1:45 of 3rd period - Shot by Leon Draisaitl.
1:45 of 3rd period - Stopped by Jacob Markstrom without a rebound.
1:46 of 3rd period - Andre Burakovsky wins face-off versus Vladislav Namestnikov in BOSTON Bruins zone.
2:14 of 3rd period - Chris Kreider is hit by Josh Morrissey and loses puck.
3:03 of 3rd period - Icing by Adam Boqvist.
3:04 of 3rd period - Elias Pettersson wins face-off versus Ryan Donato in BOSTON Bruins zone.
3:39 of 3rd period - Shot by Erik Gustafsson.
3:39 of 3rd period - Shot Misses the Net.
4:30 of 3rd period - Shot by Josh Morrissey.
4:30 of 3rd period - Shot Misses the Net.
4:58 of 3rd period - Dmitri Orlov is hit by Bryan Rust and loses puck.
6:42 of 3rd period - Shot by Alexander Nylander.
6:42 of 3rd period - Stopped by Jacob Markstrom without a rebound.
6:43 of 3rd period - Elias Pettersson wins face-off versus Henrik Borgstrom in BOSTON Bruins zone.
6:52 of 3rd period - Shot by Jonathan Marchessault.
6:52 of 3rd period - Goal by Jonathan Marchessault - NASHVILLE Predators : 6 - BOSTON Bruins : 5.
6:53 of 3rd period - Elias Pettersson wins face-off versus Leon Draisaitl in neutral zone.
6:59 of 3rd period - Cam Fowler is hit by Mikael Granlund and loses puck.
7:06 of 3rd period - Shot by Filip Forsberg.
7:06 of 3rd period - Stopped by Jacob Markstrom without a rebound.
7:07 of 3rd period - Ryan Donato wins face-off versus Alex Iafallo in BOSTON Bruins zone.
7:23 of 3rd period - Icing by Dmitri Orlov.
7:24 of 3rd period - Leon Draisaitl wins face-off versus Zachary Senyshyn in BOSTON Bruins zone.
7:47 of 3rd period - Shot by Zachary Senyshyn.
7:47 of 3rd period - Stopped by Cal Petersen without a rebound.
7:48 of 3rd period - Vladislav Namestnikov wins face-off versus Elias Pettersson in NASHVILLE Predators zone.
7:48 of 3rd period - Vladislav Namestnikov is hit by Jonathan Marchessault.
8:26 of 3rd period - Off-side.
8:27 of 3rd period - Leon Draisaitl wins face-off versus Andre Burakovsky in neutral zone.
8:42 of 3rd period - Icing by Cam Fowler.
8:43 of 3rd period - Thomas Novak wins face-off versus Leon Draisaitl in NASHVILLE Predators zone.
8:43 of 3rd period - Thomas Novak is hit by Josh Morrissey.
8:46 of 3rd period - Zachary Senyshyn is hit by Josh Morrissey.
8:56 of 3rd period - Shot by Filip Forsberg.
8:56 of 3rd period - Deflect By Leon Draisaitl.
8:56 of 3rd period - Shot Misses the Net.
9:19 of 3rd period - Shot by Leon Draisaitl.
9:19 of 3rd period - Shot Blocked by Zachary Senyshyn.
9:21 of 3rd period - Shot by Josh Morrissey.
9:21 of 3rd period - Shot Blocked by Alex Iafallo.
9:23 of 3rd period - Shot by Cam Fowler.
9:23 of 3rd period - Stopped by Jacob Markstrom without a rebound.
9:24 of 3rd period - Vladislav Namestnikov wins face-off versus Elias Pettersson in BOSTON Bruins zone.
9:24 of 3rd period - Vladislav Namestnikov is hit by Dmitri Orlov.
9:40 of 3rd period - Shot by Mikael Granlund.
9:40 of 3rd period - Deflect By Elias Pettersson.
9:40 of 3rd period - Shot Misses the Net.
9:42 of 3rd period - Shot by Matt Dumba.
9:42 of 3rd period - Stopped by Cal Petersen without a rebound.
9:43 of 3rd period - Ryan Donato wins face-off versus Andre Burakovsky in NASHVILLE Predators zone.
9:43 of 3rd period - Ryan Donato is hit by Andre Burakovsky.
9:50 of 3rd period - Off-side.
9:51 of 3rd period - Elias Pettersson wins face-off versus Vladislav Namestnikov in neutral zone.
10:20 of 3rd period - Shot by Mikael Granlund.
10:20 of 3rd period - Shot Misses the Net.
10:22 of 3rd period - Shot by Mikael Granlund.
10:22 of 3rd period - Shot Misses the Net.
11:01 of 3rd period - Shot by Andre Burakovsky.
11:01 of 3rd period - Shot Misses the Net.
11:03 of 3rd period - Shot by Andre Burakovsky.
11:03 of 3rd period - Stopped by Cal Petersen without a rebound.
11:04 of 3rd period - Ryan Carpenter wins face-off versus Leon Draisaitl in NASHVILLE Predators zone.
11:08 of 3rd period - Icing by Erik Brannstrom.
11:09 of 3rd period - Ryan Carpenter wins face-off versus Leon Draisaitl in NASHVILLE Predators zone.
11:30 of 3rd period - Shot by Leon Draisaitl.
11:30 of 3rd period - Shot Blocked by Rasmus Andersson.
11:32 of 3rd period - Shot by Bryan Rust.
11:32 of 3rd period - Shot Misses the Net.
11:38 of 3rd period - Shot by Filip Forsberg.
11:38 of 3rd period - Deflect By Bryan Rust.
11:38 of 3rd period - Shot Misses the Net.
11:40 of 3rd period - Shot by Bryan Rust.
11:40 of 3rd period - Shot Blocked by Rasmus Andersson.
12:09 of 3rd period - Shot by Erik Gustafsson.
12:09 of 3rd period - Shot Misses the Net.
12:11 of 3rd period - Shot by Ryan Donato.
12:11 of 3rd period - Stopped by Jacob Markstrom without a rebound.
12:12 of 3rd period - Henrik Borgstrom wins face-off versus Elias Pettersson in BOSTON Bruins zone.
12:21 of 3rd period - Shot by Henrik Borgstrom.
12:21 of 3rd period - Shot Misses the Net.
12:29 of 3rd period - Shot by Nick Cousins.
12:29 of 3rd period - Stopped by Jacob Markstrom with a rebound.
12:31 of 3rd period - Shot by Henrik Borgstrom.
12:31 of 3rd period - Stopped by Jacob Markstrom without a rebound.
12:32 of 3rd period - Ryan Donato wins face-off versus Andre Burakovsky in BOSTON Bruins zone.
12:39 of 3rd period - Shot by Ryan Donato.
12:39 of 3rd period - Goal by Ryan Donato - NASHVILLE Predators : 7 - BOSTON Bruins : 5.
12:40 of 3rd period - Ryan Donato wins face-off versus Elias Pettersson in neutral zone.
13:54 of 3rd period - Icing by Niko Mikkola.
13:55 of 3rd period - Leon Draisaitl wins face-off versus Thomas Novak in NASHVILLE Predators zone.
14:09 of 3rd period - Shot by Thomas Novak.
14:09 of 3rd period - Shot Misses the Net.
14:39 of 3rd period - Shot by Thomas Novak.
14:39 of 3rd period - Stopped by Cal Petersen without a rebound.
14:40 of 3rd period - Vladislav Namestnikov wins face-off versus Andre Burakovsky in NASHVILLE Predators zone.
14:40 of 3rd period - Vladislav Namestnikov is hit by Chris Kreider.
15:44 of 3rd period - Shot by Brett Connolly.
15:44 of 3rd period - Stopped by Jacob Markstrom with a rebound.
15:47 of 3rd period - Minor Penalty to Alexander Nylander for Tripping.
15:48 of 3rd period - Andrew Copp wins face-off versus Elias Pettersson in NASHVILLE Predators zone.
16:48 of 3rd period - Erik Gustafsson is hit by Elias Pettersson and loses puck.
17:57 of 3rd period - Shot by Henri Jokiharju.
17:57 of 3rd period - Stopped by Cal Petersen without a rebound.
17:58 of 3rd period - Ryan Carpenter wins face-off versus Henrik Borgstrom in NASHVILLE Predators zone.
18:41 of 3rd period - Off-side.
18:42 of 3rd period - Thomas Novak wins face-off versus Leon Draisaitl in neutral zone.
18:42 of 3rd period - Thomas Novak is hit by Filip Forsberg.
19:08 of 3rd period - Shot by Leon Draisaitl.
19:08 of 3rd period - Stopped by Jacob Markstrom without a rebound.
19:09 of 3rd period - Ryan Donato wins face-off versus Jonathan Marchessault in BOSTON Bruins zone.
19:12 of 3rd period - Shot by Alexander Nylander.
19:12 of 3rd period - Shot Misses the Net.
19:44 of 3rd period - Shot by Matt Dumba.
19:44 of 3rd period - Shot Misses the Net.
19:46 of 3rd period - Shot by Dmitri Orlov.
19:46 of 3rd period - Stopped by Cal Petersen without a rebound.
19:47 of 3rd period - Andre Burakovsky wins face-off versus Vladislav Namestnikov in NASHVILLE Predators zone.
Goals for this period are 1 for NASHVILLE Predators vs 1 for BOSTON Bruins.
Shots for this period are 11 for NASHVILLE Predators vs 10 for BOSTON Bruins.